 Dungeon Crawl Stone Soup version 0.30-a0-722-g3e6e8c874d (webtiles) character file.

Game seed: 6706720645786121902

30 avis the Shooter (level 2, -1/24 HPs)
             Began as a Demigod Hunter on Jan 27, 2023.
             Slain by a crimson imp (4 damage)
             ... summoned by Natasha
             ... on level 2 of the Dungeon on Jan 28, 2023.
             The game lasted 00:03:50 (762 turns).

avis the Shooter (Demigod Hunter)                    Turns: 762, Time: 00:03:50

Health: -1/24      AC:  0    Str: 12    XL:     2   Next: 84%
Magic:  4/4        EV: 15    Int: 11    God:
Gold:   73         SH:  0    Dex: 17    Spells: 1/1 levels left

rFire   . . .      SeeInvis .    (weapon currently unavailable)
rCold   . . .      Faith    .    (shield currently unavailable)
rNeg    . . .      Spirit   .    (body armour currently unavailable)
rPois   .          Reflect  .    (helmet currently unavailable)
rElec   .          Harm     .    (cloak currently unavailable)
rCorr   .          Rampage  .    (gloves currently unavailable)
Will    .....                    (boots currently unavailable)
Stlth   ++                       (no amulet)
HPRegen 0.24/turn                (ring currently unavailable)
MPRegen 0.09/turn                (ring currently unavailable)

@: pig-form, very quick
A: fast, no casting, small, high MP 1, forlorn, divine attributes
a: no special abilities


You were on level 2 of the Dungeon.
You were a filthy swine.
You visited 1 branch of the dungeon, and saw 2 of its levels.

You collected 73 gold pieces.

Inventory:

Hand Weapons
 a - a +0 shortbow
 b - a +4 whip (melded)
Armour
 c - a +0 leather armour (melded)
Scrolls
 d - a scroll of immolation
 e - 5 scrolls of identify {unknown}
 f - 2 scrolls of vulnerability {unknown}


   Skills:
 - Level 2.0 Fighting
 - Level 4.0 Ranged Weapons
 * Level 2.6 Dodging
 - Level 0.8 Stealth


You had one spell level left.
You didn't know any spells.
Your spell library contained the following spells:

 Spells                   Type           Power      Damage    Failure   Level
 Lesser Beckoning         Tloc           0%         N/A       47%         2
 Call Canine Familiar     Summ           0%         N/A       71%         3
 Gell's Gravitas          Tloc           0%         N/A       71%         3
 Portal Projectile        Hex/Tloc       0%         N/A       71%         3
 Teleport Other           Tloc           0%         N/A       71%         3
 Leda's Liquefaction      Hex/Erth       0%         N/A       98%         4


Dungeon Overview and Level Annotations

Branches:
Dungeon (1/15)

Annotations:
D:2 Natasha


Innate Abilities, Weirdness & Mutations

You are a filthy swine.
You move quickly.
Your equipment is almost entirely melded.
You are incapable of wielding weapons or throwing items.
You cannot cast spells.
You have an increased reservoir of magic. (+10% MP)
You shall have no god before yourself.
Your divine heritage dramatically boosts your attributes as you level up.


Message History

Natasha mumbles some strange words.
You feel troubled.
Natasha moves out of view.
b - a +4 whip (weapon)
You whack the hobgoblin!
You kill the hobgoblin!
You hit the ball python.
The ball python is severely wounded.
The ball python barely misses you. The ball python grabs you.
The ball python constricts you.
The ball python bites you but does no damage.
The ball python constricts you.
You whack the ball python!
You kill the ball python!
You hit Natasha.
Natasha is moderately wounded.
Natasha closely misses you.
You closely miss Natasha.
Natasha is moderately wounded.
Natasha zaps a wand.
You turn into a filthy swine.
Your +4 whip melds into your body.
Your +0 leather armour melds into your body.
Natasha claws you!
You closely miss Natasha.
Natasha is lightly wounded.
Natasha casts a spell.
You miss Natasha.
Natasha is lightly wounded.
Natasha claws you!
* * * LOW HITPOINT WARNING * * *
You hit Natasha.
Natasha is heavily wounded.
Natasha barely misses you. The crimson imp misses you.
You barely miss Natasha.
Natasha is heavily wounded.
Natasha casts a spell at you. The magic dart hits you.
* * * LOW HITPOINT WARNING * * *
The crimson imp hits you.
You die...

..# #### #.#..... ..#
...####.# ... ..#
...##.... ... ..#
...##.#.# #.# ..#
...##.#.# #.### ..#
...##.#.###.#.###†.##.##
...##.#.##......hh......
....)........>###5###.##
...##.#.##..#.# ...
...##.#.##..#.# ####
#####.#.##..#.#
#.#.##..... #.#.##..#..
#.#.#.......
#..........#


You could see Natasha and a crimson imp (summoned).

Vanquished Creatures
  3 endoplasms (D:1)
  4 giant cockroaches (D:1)
  4 goblins
  4 hobgoblins
  3 ball pythons
  3 bats (D:1)
  2 frilled lizards (D:1)
  2 kobolds (D:1)
  A rat (D:1)
26 creatures vanquished.

Notes
Turn   | Place    | Note
-------+----------+-------------------------------------------
     0 | D:1      | avis the Demigod Hunter began the quest for the Orb.
     0 | D:1      | Reached XP level 1. HP: 17/17 MP: 3/3
   229 | D:1      | Reached skill level 4 in Ranged Weapons
   236 | D:1      | Reached XP level 2. HP: 21/24 MP: 4/4
   719 | D:1      | You fall into a shaft and drop 1 floor!
   752 | D:2      | Noticed Natasha
   762 | D:2      | Slain by a crimson imp

Illustrated notes

Levels and vault maps discovered:
D:1:      amcnicky_arrival_gap_in_the_tavern_cellar, layout_loops_ring,
          shapermc_ecumenical_altar_mp_highgroup, serial_park_tiny_1,
          kennysheep_nondescript, minivault_5
D:2:      layout_basic, uniq_natasha

Skill      XL: |  1  2 |
---------------+-------+-----
Fighting       | 2 |  2.0
Ranged Weapons | 4 |  4.0
Dodging        | 2 |  2.6
Stealth        | |  0.8

Action                     || total
---------------------------++-------
  Melee: Whip              ||    28
         Punch             ||     1
         Unarmed           ||     4
   Fire: Shortbow          ||    46
 Armour: Leather armour    ||     6
  Dodge: Dodged            ||    27

Table legend: (Time is in decaauts)
 A = Elapsed time spent in this place.
 B = Non-inter-level travel time spent in this place.
 C = Inter-level travel time spent in this place.
 D = Time resting spent in this place.
 E = Time spent auto-exploring this place.
 F = Levels seen in this place.
 G = Mean time per level.
                   A        B        C        D        E       F      G
               +--------+--------+--------+--------+--------+-----+--------+
         Total |    770 |    770 |      0 |     34 |    520 |   2 |  385.0 |
       Dungeon |    770 |    770 |      0 |     34 |    520 |   2 |  385.0 |
               +--------+--------+--------+--------+--------+-----+--------+

Top non-repeatable levels by time:
     D:1: 728 daAuts
     D:2: 42 daAuts
